 Dungeon Crawl Stone Soup version 0.29.1-12-g30fa7ad0bf (webtiles) character file.

Game seed: 15948835532963628846

357 JanusIIV the Cudgeller (level 6, -18/55 HPs)
             Began as a Gargoyle Berserker on Dec 31, 2022.
             Was a Priest of Trog.
             Demolished by an ogre
             ... wielding a +0 giant club
              (22 damage)
             ... on level 5 of the Dungeon.
             The game lasted 00:04:53 (4307 turns).

JanusIIV the Cudgeller (Gargoyle Berserker)         Turns: 4307, Time: 00:04:53

Health: -18/55     AC: 10    Str: 23    XL:     6   Next: 64%
Magic:  6/6        EV: 10    Int:  7    God:    Trog [***...]
Gold:   224        SH:  0    Dex:  9    Spells: 5/5 levels left

rFire   . . .      SeeInvis .   i - +0 flail
rCold   . . .      Faith    .   (no shield)
rNeg    + . .      Spirit   .   c - +0 scale mail
rPois   ∞          Reflect  .   (no helmet)
rElec   +          Harm     .   (no cloak)
rCorr   .          Rampage  .   (no gloves)
Will    .....                   (no boots)
Stlth   ..........              (no amulet)
HPRegen 0.18/turn               (no ring)
MPRegen 0.10/turn               (no ring)

@: berserking, very quick
A: sickness immunity, AC +4, negative energy resistance 1, electricity
resistance, torment resistance 1, petrification resistance
a: Renounce Religion, Berserk, Trog's Hand


You were on level 5 of the Dungeon.
You worshipped Trog.
Trog was most pleased with you.
You visited 1 branch of the dungeon, and saw 5 of its levels.

You collected 224 gold pieces.

Inventory:

Hand Weapons
 a - a +0 mace
 i - a +0 flail (weapon)
Armour
 c - a +0 scale mail (worn)
 q - a +0 chain mail
Jewellery
 v - a ring of ice
Wands
 b - a wand of mindburst (12)
Scrolls
 e - 4 scrolls of teleportation {unknown}
 g - 3 scrolls of identify {unknown}
 j - a scroll of poison {unknown}
 k - a scroll of enchant armour {unknown}
 l - 2 scrolls of noise {unknown}
 m - a scroll of silence {unknown}
 p - a scroll of magic mapping {unknown}
 r - a scroll of summoning {unknown}
 s - a scroll of acquirement {unknown}
 t - a scroll of fear {unknown}
 u - a scroll of blinking {unknown}
Potions
 d - 6 potions of curing {unknown}
 f - a potion of mutation {unknown}
 h - a potion of ambrosia {unknown}
 n - 2 potions of lignification {unknown}
 o - a potion of berserk rage {unknown}


   Skills:
 - Level 3.2 Fighting
 + Level 7.2 Maces & Flails
 - Level 2.1 Armour
 - Level 1.5 Dodging


You had 5 spell levels left.
You didn't know any spells.
Your spell library was empty.

Dungeon Overview and Level Annotations

Branches:
Dungeon (5/15)             Temple (0/1) D:4

Altars:
Makhleb
Okawaru


Innate Abilities, Weirdness & Mutations

You are immune to sickness and miasma.
Your stone body is resilient. (AC +4)
You are immune to poison.
You resist negative energy. (rN+)
You are resistant to electric shocks. (rElec)
You are resistant to unholy torment.
You are immune to petrification.


Message History

You sock the orc priest!
You kill the orc priest!
Trog accepts your kill. The orc hits you with a +0 club.
An orc comes into view. It is wielding a +0 mace.
You hit the orc but do no damage. The orc closely misses you.
You hit the orc.
The orc is almost dead.
The orc barely misses you. The orc hits you but does no damage.
You hit the orc.
You kill the orc!
Trog accepts your kill. The orc hits you with a +0 mace.
Things that are here:
a +0 club; a +0 leather armour; an orc corpse You closely miss the orc.
The orc hits you but does no damage.
You hit the orc.
The orc is almost dead.
The orc hits you but does no damage.
You hit the orc.
You kill the orc!
Trog accepts your kill. The ogre barely misses you.
You sock the ogre!
The ogre is moderately wounded.
You barely miss the ogre.
The ogre is moderately wounded.
The ogre hits you with a +0 giant club!
You are too injured to fight recklessly!
You are too injured to fight recklessly!
A red film seems to cover your vision as you go berserk!
You feel yourself moving faster!
You feel mighty! The ogre hits you with a +0 giant club!
* * * LOW HITPOINT WARNING * * *
You hit the ogre.
The ogre is moderately wounded.
You sock the ogre!
The ogre is severely wounded.
The ogre hits you with a +0 giant club!!
You die...

#[#.# ..... #.#..
..... . # #.#.###...>
.. #. #.#...#... ...
####.# #.#.#(#.# ...#
#.....####.#.....#..#
#....O..#......#
o.o..#.#))@..<.....+
### #.#.#####.....#
..#.# #....####
####.# #.##.# ..# #.
#.# #.. . #.# .....
#.# ..## #.# ...


You could see an ogre.

Vanquished Creatures
  An ogre (D:4)
  An orc priest (D:5)
  An iguana (D:4)
  An orc wizard (D:4)
  Terence (D:2)
  3 gnolls (D:4)
  4 adders
  2 worms
  4 dart slugs
  7 orcs
  5 ball pythons
  6 endoplasms
  4 giant cockroaches
  9 goblins
  9 hobgoblins
  7 jackals
  A quokka (D:2)
  4 bats
  6 frilled lizards
  7 kobolds
  4 rats
87 creatures vanquished.

Notes
Turn   | Place    | Note
-------+----------+-------------------------------------------
     0 | D:1      | JanusIIV the Gargoyle Berserker began the quest for the
                  | Orb.
     0 | D:1      | Reached XP level 1. HP: 14/14 MP: 1/1
   118 | D:1      | Reached XP level 2. HP: 14/19 MP: 2/2
   261 | D:1      | Found a faded altar of an unknown god.
   390 | D:1      | Reached skill level 4 in Maces & Flails
   560 | D:1      | Reached XP level 3. HP: 18/23 MP: 3/3
  1193 | D:2      | Reached ** piety under Trog
  1369 | D:2      | Noticed Terence
  1415 | D:2      | Killed Terence
  1416 | D:2      | Reached XP level 4. HP: 4/28 MP: 4/4
  1751 | D:2      | Reached skill level 5 in Maces & Flails
  3241 | D:3      | Found a burning altar of Makhleb.
  3241 | D:3      | Found an iron altar of Okawaru.
  3299 | D:4      | Noticed an ogre
  3315 | D:4      | Reached XP level 5. HP: 18/32 MP: 5/5
  3580 | D:4      | Killed an ogre
  3581 | D:4      | Reached skill level 6 in Maces & Flails
  3660 | D:4      | Found a staircase to the Ecumenical Temple.
  3700 | D:4      | Reached XP level 6. HP: 37/37 MP: 6/6
  3706 | D:4      | Reached *** piety under Trog
  4097 | D:4      | Reached skill level 7 in Maces & Flails
  4106 | D:4      | You fall into a shaft and drop 1 floor!
  4106 | D:5      | Entered Level 5 of the Dungeon
  4307 | D:5      | Demolished by an ogre

Illustrated notes

Levels and vault maps discovered:
D:1:      mrwooster_arrival_statue_2, layout_basic,
          hellmonk_ecumenical_altar_arch_garden
D:2:      layout_basic, uniq_terence
D:3:      layout_basic, nicolae_overflow_two_pavilions
D:4:      layout_rooms, minmay_temple_entry_wispy
D:5:      layout_basic, zin_academy

Skill      XL: |  1  2  3  4  5  6 |
---------------+-------------------+-----
Maces & Flails | 4 5 6 7 |  7.2
Fighting       | |  3.2
Armour         | |  2.1
Dodging        | |  1.5

Action                   |  1- 3 |  4- 6 || total
-------------------------+-------+-------++-------
Melee: Mace              |   109 |   144 ||   253
       Punch             |     1 |     1 ||     2
       Flail             |       |    33 ||    33
Invok: Berserk           |       |     3 ||     3
  Use: Potion            |       |     1 ||     1
Armor: Animal skin       |    37 |       ||    37
       Scale mail        |     5 |    98 ||   103
Dodge: Dodged            |    57 |   114 ||   171
